 Dungeon Crawl Stone Soup version 0.21-a0-508-gf08a75f (webtiles) character file.

1723 slep the Poker (level 8, -5/62 HPs)
             Began as a Demonspawn Fighter on Nov 29, 2017.
             Was a Follower of Okawaru.
             Slain by an orc warrior
             ... wielding a +0 halberd
              (13 damage)
             ... on level 8 of the Dungeon.
             The game lasted 00:23:22 (5430 turns).

slep the Poker (Demonspawn Fighter)                 Turns: 5430, Time: 00:23:23

Health: -5/62      AC:  9    Str: 16    XL:     8   Next: 75%
Magic:  0/8        EV: 11    Int: 11    God:    Okawaru [*.....]
Gold:   202        SH:  9    Dex: 12    Spells: 7/7 levels left

rFire    . . .     SeeInvis .   a - +0 trident
rCold    . . .     Gourm    .   c - +0 shield
rNeg     . . .     Faith    .   D - +0 leather armour (curse)
rPois    .         Spirit   +   (helmet restricted)
rElec    .         Reflect  .   o - +2 cloak
rCorr    .         Harm     .   m - +2 pair of gloves
MR       +....                  (no boots)
Stlth    ++........             j - amulet of guardian spirit
HPRegen  0.20/turn              y - ring of protection from magic
MPRegen  0.11/turn              v - -2 ring of dexterity (curse)

@: starving
A: antennae 1, talons 1, powered by death 2, magic shield
a: Heroism, Renounce Religion


You were on level 8 of the Dungeon.
You worshipped Okawaru.
Okawaru was aware of your devotion.
You were starving.

You visited 2 branches of the dungeon, and saw 9 of its levels.

You collected 363 gold pieces.
You spent 161 gold pieces at shops.

Inventory:

Hand Weapons
 a - a +0 trident (weapon)
 s - the +7 hunting sling of Pil Yfoq {freeze, *Slow rN+ Stlth+}
   (You found it on level 4 of the Dungeon)

   It causes projectiles fired from it to freeze those they strike, causing
   extra injury to most foes and up to half again as much damage against
   particularly susceptible opponents.
   They can also slow down cold-blooded creatures.
   It protects you from negative energy.
   It may slow you when you take damage.
   It makes you more stealthy.
Armour
 b - a +0 scale mail
 c - a +0 shield (worn)
 m - a +2 pair of gloves (worn)
 o - a +2 cloak (worn)
 D - a cursed +0 leather armour (worn)
 N - the cursed +0 robe of the Turtle {rC- Str+7 Dex+7, unknown}
   (You found it on level 7 of the Dungeon)

   It affects your strength (+7).
   It affects your dexterity (+7).
   It makes you vulnerable to cold.
   It has a curse placed upon it.
Jewellery
 j - an amulet of guardian spirit (around neck)
 k - an uncursed ring of ice
 t - an uncursed ring of see invisible
 v - a cursed -2 ring of dexterity (right hand)
 y - a ring of protection from magic (left hand)
 I - an uncursed ring of stealth
Wands
 B - a wand of random effects (69)
 C - a wand of paralysis (8)
 H - a wand of flame (17)
 K - a wand of iceblast (7)
Scrolls
 i - 2 scrolls of enchant armour {unknown}
 n - a scroll of blinking {unknown}
 p - 5 scrolls of teleportation
 r - 6 scrolls of identify {unknown}
 u - 2 scrolls of enchant weapon {unknown}
 w - 7 scrolls of remove curse
 z - 3 scrolls of amnesia {unknown}
 E - 2 scrolls of magic mapping
 F - 4 scrolls of noise {unknown}
 G - a scroll of acquirement {unknown}
 L - 2 scrolls of fear {unknown}
 O - a scroll of fog
Potions
 d - 2 potions of might
 e - 6 potions of curing {unknown}
 g - a potion of heal wounds {unknown}
 q - 2 potions of berserk rage {unknown}
 x - a potion of lignification {unknown}
 A - 3 potions of ambrosia {unknown}
 J - a potion of cancellation {unknown}
 P - a potion of flight {unknown}
Books
 M - a book of Clouds

   Spells                             Type                      Level
   a - Poisonous Vapours              Poison/Air                   2
   b - Mephitic Cloud                 Conjuration/Poison/Air       3
   c - Conjure Flame                  Conjuration/Fire             3
   d - Freezing Cloud                 Conjuration/Ice/Air          6
   e - Ring of Flames                 Charms/Fire                  7
Comestibles
 f - 8 bread rations
 h - 7 meat rations
 l - 3 royal jellies


   Skills:
 + Level 5.0 Fighting
 + Level 6.8 Polearms
 + Level 4.0 Armour
 + Level 3.3 Dodging
 + Level 2.2 Stealth
 + Level 5.2 Shields


You had 7 spell levels left.
You didn't know any spells.

Dungeon Overview and Level Annotations

Branches:
Dungeon (8/15)             Temple (1/1) D:5
   Lair: D:8-11

Altars:
Ashenzari
Cheibriados
Dithmenos
Elyvilon
Fedhas
Gozag
Kikubaaqudgha
Makhleb
Nemelex Xobeh
Okawaru
Qazlal
Ru
Sif Muna
Trog
Uskayaw
Vehumet
Wu Jian
Xom
Yredelemnul
Zin
The Shining One

Shops:
D:6 }   D:7 ?


Innate Abilities, Weirdness & Mutations

You have a pair of small antennae on your head.
You have sharp toenails.
You regenerate health from kills.
When hurt, damage is shared between your health and your magic reserves.


Message History

You block the orc warrior's attack.
You barely miss the orc warrior.
The orc warrior is moderately wounded.
You hit the orc warrior but do no damage.
You claw the orc warrior, but do no damage.
The orc warrior is moderately wounded.
You block the orc warrior's attack.
You barely miss the orc warrior.
You claw the orc warrior, but do no damage.
The orc warrior is moderately wounded.
The orc warrior barely misses you.
You hit the orc warrior.
You claw the orc warrior, but do no damage.
The orc warrior is moderately wounded.
The orc warrior hits you with a halberd!!
* * * LOW HITPOINT WARNING * * *
You closely miss the orc warrior. Your kick misses the orc warrior.
The orc warrior is moderately wounded.
The orc warrior hits you with a halberd!
You die...

### ..#
#?## ##
#.. ..
#(# .####
#.#.....#
#@o......
#.#.....#
#.#!....#
#.# ....#
### ....#
...# ####


You could see an orc warrior.

Vanquished Creatures
  Grinder (D:3)
  Sigmund (D:3)
  An ice beast (D:6)
  An ogre (D:5)
  A necrophage (D:6)
  2 centaurs
  A big kobold (D:7)
  A wyvern skeleton (D:6)
  A scorpion (D:6)
  2 electric eels (D:7)
  A howler monkey (D:7)
  A crimson imp (D:5)
  An orc priest (D:4)
  3 hounds
  A bullfrog skeleton (D:4)
  2 centaur skeletons (D:4)
  4 iguanas (D:4)
  2 orc wizards
  5 worker ants
  5 adders
  A shadow imp (D:5)
  2 oozes
  5 dart slugs
  4 leopard geckos
  16 orcs
  2 giant cockroaches
  14 goblins
  4 hobgoblins
  3 quokkas
  2 ball pythons
  7 bats
  6 frilled lizards
  11 kobolds
  A leopard gecko skeleton (D:6)
  6 rats
121 creatures vanquished.

Notes
Turn   | Place    | Note
-------+----------+-------------------------------------------
     0 | D:1      | slep the Demonspawn Fighter began the quest for the Orb.
     0 | D:1      | Reached XP level 1. HP: 18/18 MP: 1/1
   256 | D:1      | Gained mutation: You have a pair of small antennae on your head. [demonic ancestry]
   256 | D:1      | Reached XP level 2. HP: 23/24 MP: 2/2
   301 | D:1      | Reached skill level 2 in Polearms
   846 | D:2      | Gained mutation: You regenerate a little health from kills. [demonic ancestry]
   846 | D:2      | Reached XP level 3. HP: 29/29 MP: 3/3
   984 | D:2      | Found a radiant altar of Vehumet.
  1395 | D:3      | Noticed Grinder
  1405 | D:3      | Paralysed by Grinder for 4 turns
  1444 | D:4      | Found a white marble altar of Elyvilon.
  1462 | D:4      | Reached XP level 4. HP: 13/35 MP: 1/4
  1675 | D:4      | Got a warped hunting sling
  1680 | D:4      | Reached skill level 3 in Polearms
  1715 | D:4      | Gained mutation: You have sharp toenails. [demonic ancestry]
  1715 | D:4      | Reached XP level 5. HP: 20/41 MP: 3/5
  1752 | D:4      | Identified the +7 hunting sling of Pil Yfoq {freeze, *Slow rN+ Stlth+} (You found it on level 4 of the Dungeon)
  1812 | D:4      | HP: 2/41 [iguana (4)]
  1876 | D:4      | Reached skill level 4 in Polearms
  2009 | D:4      | Reached skill level 1 in Stealth
  2009 | D:4      | Gained mutation: When hurt, damage is shared between your health and your magic reserves. [demonic ancestry]
  2009 | D:4      | Reached XP level 6. HP: 33/47 MP: 4/6
  2043 | D:4      | Found a basalt altar of Yredelemnul.
  2152 | D:4      | Reached skill level 1 in Dodging
  2398 | D:4      | Found a blossoming altar of Fedhas.
  2669 | D:3      | Found a shattered altar of Ashenzari.
  2680 | D:3      | Noticed Sigmund
  2685 | D:3      | Killed Sigmund
  2685 | D:3      | Reached skill level 5 in Polearms
  2685 | D:3      | Gained mutation: You regenerate health from kills. [demonic ancestry]
  2685 | D:3      | Reached XP level 7. HP: 54/54 MP: 7/7
  2749 | D:3      | Found a shimmering altar of Xom.
  2989 | D:3      | Paralysed by Grinder for 7 turns
  2999 | D:3      | Killed Grinder
  3073 | D:5      | Entered Level 5 of the Dungeon
  3544 | D:5      | Found a staircase to the Ecumenical Temple.
  3558 | Temple   | Entered the Ecumenical Temple
  3605 | Temple   | Became a worshipper of Warmaster Okawaru
  3766 | D:5      | Reached skill level 6 in Polearms
  3779 | D:5      | Reached XP level 8. HP: 11/61 MP: 1/8
  3855 | D:5      | Found an ornate altar of the Wu Jian Council.
  4302 | D:6      | Found a shattered altar of Ashenzari.
  4659 | D:6      | Found Kaphiwah's Gadget Boutique.
  4698 | D:6      | Found a shattered altar of Ashenzari.
  4735 | D:6      | Reached * piety under Okawaru
  4741 | D:6      | Found a shadowy altar of Dithmenos.
  4775 | D:6      | Found a bloodstained altar of Trog.
  4863 | D:7      | Found a sparkling altar of Nemelex Xobeh.
  4873 | D:7      | Got a brightly glowing robe
  4881 | D:7      | Found Bomez's Magic Scroll Emporium.
  4891 | D:7      | Bought a scroll of teleportation for 42 gold pieces
  4891 | D:7      | Bought a scroll of remove curse for 42 gold pieces
  4891 | D:7      | Bought a scroll of fog for 28 gold pieces
  4891 | D:7      | Bought a scroll of magic mapping for 49 gold pieces
  4923 | D:7      | Found a deep blue altar of Sif Muna.
  4968 | D:7      | Found a sparkling altar of Nemelex Xobeh.
  5125 | D:7      | Found a stormy altar of Qazlal.
  5134 | D:7      | Reached skill level 5 in Fighting
  5134 | D:7      | Reached skill level 5 in Shields
  5430 | D:8      | Slain by an orc warrior

Vault maps used:
D:1:      wheals_arrival_linesprint, roderic_roman_lattice
D:2:      lemuel_coloured_pillars_altar
D:3:      overflow_temple_1_default, lemuel_round_altar, uniq_sigmund,
          uniq_grinder
D:4:      kennysheep_ying_yang, fedhas_altar_4, kennysheep_doodads
D:5:      kennysheep_little_box, temple_statues, first_bread
D:6:      lightli_temple_of_fire, marbit_many_paths, basic_altar, serial_shops,
          shop_coins, cheibrodos_ashenzari_chains
D:7:      lemuel_crystal_altar, grunt_qazlal_sundering,
          nemelex_xobeh_ov_fountains_minmay, serial_shops, shop, basic_altar,
          the_bakery, water_maze_lemuel
D:8:      lair_entry_dummy, minmay_misc_feat_doors
Temple:   compressed_dpeg_triangle_lava_temple

Skill      XL: |  1  2  3  4  5  6  7  8 |
---------------+-------------------------+-----
Polearms       | 2 3 4 5 6 |  6.8
Armour         | 3 4 |  4.0
Shields        | 3 4 5 |  5.2
Stealth        | 1 2 |  2.2
Dodging        | 1 2 3 |  3.3
Fighting       | 4 5 |  5.0

Action                   |  1- 3 |  4- 6 |  7- 9 || total
-------------------------+-------+-------+-------++-------
Melee: Trident           |   122 |   151 |   260 ||   533
       Kick              |       |    32 |    88 ||   120
Evoke: Wand              |       |       |     3 ||     3
  Use: Potion            |       |     1 |       ||     1
 Stab: Sleeping          |       |       |     2 ||     2
  Eat: Chunk             |     2 |     4 |     7 ||    13
Armor: Scale mail        |    72 |    64 |       ||   136
       Leather armour    |       |       |    77 ||    77
Dodge: Dodged            |    25 |    43 |    78 ||   146
Block: Shield            |    52 |    68 |   106 ||   226

Table legend:
 A = Spawn XP
 B = Non-spawn XP
 C = Spawn XP percentage of total XP
 D = Spawn monster count
 E = Non-spawn monster count
 F = Spawn count percentage of total count
 G = Total turns spent on level
                    A         B        C        D         E        F      G
               +---------+---------+-------+---------+---------+-------+---------
         Total |       0 |    2462 |   0.0 |       0 |     121 |   0.0 |  5430
               +---------+---------+-------+---------+---------+-------+---------
           D:1 |       0 |      33 |   0.0 |       0 |      19 |   0.0 |   825
           D:2 |       0 |      22 |   0.0 |       0 |      14 |   0.0 |   517
           D:3 |       0 |     549 |   0.0 |       0 |      27 |   0.0 |   647
           D:4 |       0 |     547 |   0.0 |       0 |      22 |   0.0 |  1084
           D:5 |       0 |     385 |   0.0 |       0 |      11 |   0.0 |   838
           D:6 |       0 |     580 |   0.0 |       0 |      16 |   0.0 |   758
           D:7 |       0 |     340 |   0.0 |       0 |      10 |   0.0 |   541
           D:8 |       0 |       6 |   0.0 |       0 |       2 |   0.0 |    26
               +---------+---------+-------+---------+---------+-------+---------
